 Dungeon Crawl Stone Soup version 0.21.0-37-g46506fa (webtiles) character file.

75 hexophile the Ducker (level 4, -1/21 HPs)
             Began as a Spriggan Transmuter on Jan 30, 2018.
             Slain by a shadow imp (6 damage)
             ... summoned by Natasha
             ... on level 2 of the Dungeon.
             The game lasted 00:04:12 (2166 turns).

hexophile the Ducker (Spriggan Transmuter)          Turns: 2166, Time: 00:04:13

Health: -1/21      AC:  2    Str:  7    XL:     4   Next: 11%
Magic:  3/9        EV: 19    Int: 14    God:
Gold:   87         SH:  0    Dex: 16    Spells: 2/8 levels left

rFire    . . .     SeeInvis +   j - +0 hunting sling (flame)
rCold    . . .     Gourm    .   (shield restricted)
rNeg     . . .     Faith    .   b - +0 robe
rPois    .         Spirit   .   (helmet restricted)
rElec    .         Reflect  .   (no cloak)
rCorr    .         Harm     .   (gloves unavailable)
MR       .....                  (boots unavailable)
Stlth    +.........             (no amulet)
HPRegen  0.07/turn              (no ring)
MPRegen  0.11/turn              (no ring)

@: slowed, quick
A: very small, unfitting armour, see invisible, herbivore, speed 3, slow
metabolism 2
a: no special abilities


You were on level 2 of the Dungeon.
You were not hungry.

You visited 1 branch of the dungeon, and saw 2 of its levels.

You collected 87 gold pieces.


Innate Abilities, Weirdness & Mutations

You are very small and have problems with some larger weapons.
You are too small for most types of armour.
You have supernaturally acute eyesight. (SInv)
You are a herbivore.
You cover ground extremely quickly.
You need consume almost no food.

Inventory:

Hand Weapons
 j - a +0 hunting sling of flaming (weapon)
Missiles
 a - 14 arrows
 h - 44 stones (quivered)
Armour
 b - a +0 robe (worn)
Jewellery
 f - a +3 ring of protection {unknown}
 n - an uncursed ring of see invisible {unknown}
Scrolls
 k - 2 scrolls of enchant armour {unknown}
 m - a scroll of noise {unknown}
 o - a scroll of immolation
Potions
 e - a potion of agility {unknown}
 g - a potion of curing {unknown}
 i - a potion of magic {unknown}
Books
 c - a book of Changes

   Spells                             Type                      Level
   a - Beastly Appendage              Transmutation                1
   b - Sticks to Snakes               Transmutation                2
   c - Spider Form                    Transmutation/Poison         3
   d - Ice Form                       Ice/Transmutation            4
   e - Blade Hands                    Transmutation                5
Comestibles
 d - 3 rations


You had 2 spell levels left.
You knew the following spells:

 Your Spells              Type           Power        Failure   Level  Hunger
a - Beastly Appendage     Tmut           ##....       4%          1    #......
b - Sticks to Snakes      Tmut           ##......     8%          2    ###....
c - Spider Form           Tmut/Pois      #.........   32%         3    ###....


   Skills:
 - Level 0.7 Fighting
 - Level 4.2 Dodging
 + Level 3.3 Unarmed Combat
 - Level 2.6 Spellcasting
 + Level 3.5 Transmutations

Dungeon Overview and Level Annotations

Branches:
Dungeon (2/15)

Altars:

Annotations:
D:2 Natasha

Vault maps used:
D:1:      lightli_arrival_statuegarden, minivault_14
D:2:      uniq_natasha
You       could see Natasha, a crimson imp, a shadow imp and 3 friendly ball
          pythons.


Message History

Confirm with . or Enter, or press ? or * to list all spells.
You create a snake!
You now have 16 arrows.
Natasha mumbles some strange words.
Natasha closely misses you.
Casting: Sticks to Snakes
Confirm with . or Enter, or press ? or * to list all spells.
You create a snake!
You now have 15 arrows.
Your ball python closely misses Natasha.
Your ball python barely misses Natasha.
Natasha misses you. The shadow imp hits you.
All of the chunks of flesh in your inventory have rotted away.
You lost 2 HP.
You have now: 11/21 HP.
Casting: Sticks to Snakes
Confirm with . or Enter, or press ? or * to list all spells.
You create a snake!
You now have 14 arrows.
Your ball python bites Natasha.
Your ball python misses Natasha.
Natasha barely misses you. The shadow imp hits you.
* * * LOW HITPOINT WARNING * * *
Your ball python misses Natasha.
Your ball python grabs Natasha.
Your ball python constricts Natasha.
Natasha closely misses you.
The shadow imp barely misses you. !MASSIVE DAMAGE!
YOU LOST 6 HP!
You have now: 5/21 HP.
Wield which item (- for none, * to show all)? (? for menu, Esc to quit)
Okay, then.
Really attack while wielding your +0 hunting sling of flaming?
You clumsily bash Natasha but do no damage.
Natasha is heavily wounded.
Your ball python completely misses the shadow imp.
Your ball python grabs the shadow imp.
Your ball python constricts the shadow imp.
Your ball python barely misses Natasha.
Your ball python constricts Natasha.
Your ball python bites the shadow imp but does no damage.
Your ball python constricts the shadow imp.
Natasha completely misses you. The shadow imp barely misses you.
Your ball python bites Natasha but does no damage.
Your ball python constricts Natasha.
Your ball python bites the shadow imp but does no damage.
Your ball python constricts the shadow imp.
Natasha barely misses your ball python. The shadow imp closely misses you.
Your ball python bites Natasha but does no damage.
Your ball python constricts Natasha.
You clumsily bash Natasha but do no damage.
Natasha is severely wounded.
Your ball python bites Natasha.
Your ball python constricts the shadow imp.
Your ball python bites Natasha.
Your ball python constricts Natasha.
Natasha mumbles some strange words.
The shadow imp hits you.
You die...

Action                   |  1- 3 |  4- 6 || total
-------------------------+-------+-------++-------
Melee: Unarmed           |    99 |       ||    99
       Headbutt          |     6 |       ||     6
       Kick              |     1 |       ||     1
       Hunting sling     |       |     2 ||     2
 Fire: Hunting sling     |    26 |    23 ||    49
 Cast: Beastly Appendage |    12 |       ||    12
       Sticks to Snakes  |     7 |     4 ||    11
  Use: Scroll            |     1 |       ||     1
 Stab: Sleeping          |     1 |       ||     1
Armor: Robe              |     3 |       ||     3
Dodge: Dodged            |    83 |    14 ||    97

Notes
Turn   | Place    | Note
-------+----------+-------------------------------------------
     0 | D:1      | hexophile the Spriggan Transmuter began the quest for the Orb.
     0 | D:1      | Reached XP level 1. HP: 9/9 MP: 5/5
   405 | D:1      | Reached XP level 2. HP: 13/14 MP: 4/6
   537 | D:1      | Learned a level 2 spell: Sticks to Snakes
   597 | D:1      | Reached skill level 4 in Dodging
  1342 | D:1      | Reached skill level 3 in Unarmed Combat
  1598 | D:2      | Reached XP level 3. HP: 15/17 MP: 6/8
  1625 | D:2      | Learned a level 3 spell: Spider Form
  1850 | D:2      | Reached skill level 3 in Transmutations
  2000 | D:2      | Reached XP level 4. HP: 21/21 MP: 9/9
  2158 | D:2      | Noticed Natasha
  2166 | D:2      | Slain by a shadow imp

Table legend:
 A = Turns spent in this place as a percentage of turns spent in the entire game.
 B = Non-inter-level travel turns spent in this place as a percentage of non-inter-level travel turns spent in the entire game.
 C = Inter-level travel turns spent in this place as a percentage of turns spent in this place.
 D = Turns resting spent in this place as a percentage of non-inter-level travel turns spent in this place.
 E = Turns spent auto-exploring this place as a percentage of non-inter-level travel turns spent in this place.
 F = Non-inter-level travel turns spent in this place divided by the number of levels of this place that you've seen.
                   A       B       C       D       E      F
               +-------+-------+-------+-------+-------+----------------------
         Total | 100.0 | 100.0 |   1.2 |  39.9 |  34.6 | 1070.5
       Dungeon | 100.0 | 100.0 |   1.2 |  39.9 |  34.6 | 1070.5
               +-------+-------+-------+-------+-------+----------------------

Table legend:
 A = Kills in this place as a percentage of kills in entire the game.
 B = Kills by you in this place as a percentage of kills by you in the entire game.
 C = Kills by friends in this place as a percentage of kills by friends in the entire game.
 D = Other kills in this place as a percentage of other kills in the entire game.
 E = Experience gained in this place as a percentage of experience gained in the entire game.
 F = Experience gained in this place divided by the number of levels of this place that you have seen.
                   A       B       C       D       E      F
               +-------+-------+-------+-------+-------+----------------------
         Total | 100.0 | 100.0 | 100.0 |   N/A | 100.0 |  54.0
       Dungeon | 100.0 | 100.0 | 100.0 |   N/A | 100.0 |  54.0
               +-------+-------+-------+-------+-------+----------------------

Vanquished Creatures
  A gnoll (D:2)
  An adder (D:2)
  A worm (D:2)
  A dart slug (D:1)
  2 leopard geckos
  A ball python (D:1)
  5 bats
  3 giant cockroaches (D:1)
  3 goblins (D:1)
  3 hobgoblins
  4 kobolds
  A quokka (D:2)
  2 frilled lizards
  7 rats
35 creatures vanquished.

Vanquished Creatures (collateral kills)
  2 gnolls (D:2)
  A hobgoblin (D:1)
  A goblin (D:1)
4 creatures vanquished.

Grand Total: 39 creatures vanquished
